 Dungeon Crawl Stone Soup version 0.32-a0-643-ga006e7742e (webtiles) character file.

Game seed: 17419960734154756808

1677259 gimp the Victor of a Thousand Battles (level 27, 222/222 HPs)
             Began as a Gnoll Warper on Mar 7, 2024.
             Was the Champion of Okawaru.
             Escaped with the Orb
             ... and 3 runes!
             The game lasted 04:06:37 (67324 turns).

gimp the Victor of a Thousand Battles (GnWr)       Turns: 67324, Time: 04:06:38

Health: 222/222    AC: 32    Str: 19    XL:     27
Magic:  46/46      EV: 32    Int: 14    God:    Okawaru [******]
Gold:   3404       SH: 21    Dex: 38    Spells: 26/64 levels left

rFire   + + .        a - +9 hand cannon (freeze)
rCold   + + .        W - +1 kite shield {rPois}
rNeg    . . .        p - +8 fire dragon scales
rPois   +            v - +2 hat {SInv}
rElec   +            c - +4 dragonskin cloak
rCorr   +            M - +2 pair of gloves of Ytue {rPois rC+}
SInv    +            s - +0 pair of boots of the Game of Life {Str+4 Dex+6}
Will    ++++.        I - amulet of Laky {Faith Will++ Regen+ rCorr Dex-2}
Stlth   +++          g - ring "Qarr" {rC++ Dex+6}
HPRegen 1.37/turn    l - ring "Luxyes" {rElec rCorr Str+2 Dex+6 Slay+3}
MPRegen 0.30/turn

%: faith
@: studying Air Magic
A: fangs 1, strong nose, distributed training, deformed body, screaming 1
0: Orb of Zot
}: 3/15 runes: decaying, serpentine, slimy
a: Renounce Religion, Heroism, Finesse, Duel


You escaped.
You worshipped Okawaru.
Okawaru was exalted by your worship.
You visited 11 branches of the dungeon, and saw 52 of its levels.
You visited 1 bazaar.
You also visited: Gauntlet and Desolation.

You collected 6944 gold pieces.
You spent 3540 gold pieces at shops.

Inventory:

Hand Weapons
 a - a +9 hand cannon of freezing (weapon)
 b - the +11 war axe of Distraction {vamp, SInv}
   (You found it on level 2 of the Depths)

   SInv:      It lets you see invisible.
Missiles
 C - 3 throwing nets
 U - 16 curare-tipped darts
Armour
 c - the +4 dragonskin cloak (worn)
   (You took it off Tiamat on level 5 of the Realm of Zot)

   Avatar's Aegis: It grants the wearer a chance to resist fire, cold, poison,
   electricity, acid, and negative energy.
 p - +8 fire dragon scales (worn)
 s - the +0 pair of boots of the Game of Life (worn) {Str+4 Dex+6}
   (Okawaru gifted it to you on level 4 of the Lair of Beasts)

   Str+4:     It affects your strength (+4).
   Dex+6:     It affects your dexterity (+6).
 u - the +0 robe of Good Intentions {rF++ rC+ rCorr SInv}
   (You found it on level 3 of the Elven Halls)

   rF++:      It greatly protects you from fire.
   rC+:       It protects you from cold.
   SInv:      It lets you see invisible.
   rCorr:     It protects you from acid and corrosion.
 v - a +2 hat of see invisible (worn)
 L - a +2 hat of willpower
 M - the +2 pair of gloves of Ytue (worn) {rPois rC+}
   (You found it in a Gauntlet)

   rC+:       It protects you from cold.
   rPois:     It protects you from poison.
 W - a +1 kite shield of poison resistance (worn)
Jewellery
 g - the ring "Qarr" (left hand) {rC++ Dex+6}
   (You found it on level 3 of the Elven Halls)

   [ring of dexterity]

   Dex+6:     It affects your dexterity (+6).
   rC++:      It greatly protects you from cold.
 l - the ring "Luxyes" (right hand) {rElec rCorr Str+2 Dex+6 Slay+3}
   (You found it in the Desolation of Salt)

   [ring of dexterity]

   Str+2:     It affects your strength (+2).
   Dex+6:     It affects your dexterity (+6).
   Slay+3:    It affects your accuracy & damage with ranged weapons and melee
   (+3).
   rElec:     It insulates you from electricity.
   rCorr:     It protects you from acid and corrosion.
 I - the amulet of Laky (around neck) {Faith Will++ Regen+ rCorr Dex-2}
   (You found it in the Desolation of Salt)

   [amulet of faith]

   Faith:     It allows you to gain divine favour quickly.
   Dex-2:     It affects your dexterity (-2).
   Will++:    It greatly increases your willpower.
   Regen+:    It increases your rate of health regeneration.
   rCorr:     It protects you from acid and corrosion.
 S - a ring of see invisible
 V - a ring of protection from cold
 Z - the ring "Saroxuph" {rElec rPois Will+ Dex+2 Stlth-}
   (You found it in the Desolation of Salt)

   [ring of willpower]

   Dex+2:     It affects your dexterity (+2).
   rElec:     It insulates you from electricity.
   rPois:     It protects you from poison.
   Will+:     It increases your willpower.
   Stlth-:    It makes you less stealthy.
Wands
 y - a wand of digging (26)
 E - a wand of paralysis (86)
 F - a wand of iceblast (83)
 J - a wand of quicksilver (13)
 T - a wand of flame (93)
 Y - a wand of mindburst (28)
Scrolls
 e - 18 scrolls of teleportation
 h - 5 scrolls of revelation
 i - 6 scrolls of immolation
 j - 2 scrolls of fear
 k - 6 scrolls of poison
 m - 4 scrolls of blinking
 n - 3 scrolls of silence
 H - 6 scrolls of fog
 P - 4 scrolls of vulnerability
 R - 7 scrolls of amnesia
 X - a scroll of acquirement
Potions
 f - 2 potions of ambrosia
 o - 7 potions of resistance
 q - 2 potions of haste
 r - 3 potions of berserk rage
 t - 4 potions of brilliance
 x - 6 potions of enlightenment
 z - 6 potions of might
 A - 5 potions of mutation
 B - 9 potions of heal wounds
 D - 2 potions of cancellation
 G - 5 potions of invisibility
 N - 11 potions of curing
 O - 4 potions of lignification
 Q - 8 potions of magic
Miscellaneous
 d - a phial of floods
 w - a lightning rod (4/4)


   Skills:
 + Level 19.3 Fighting
 + Level 18.8 Short Blades
 + Level 19.3 Long Blades
 + Level 18.8 Axes
 + Level 18.8 Maces & Flails
 + Level 18.8 Polearms
 + Level 18.8 Staves
 + Level 18.8 Ranged Weapons
 + Level 19.0 Throwing
 + Level 19.0 Armour
 + Level 19.3 Dodging
 + Level 18.8 Stealth
 + Level 18.8 Shields
 + Level 18.8 Unarmed Combat
 + Level 19.4 Spellcasting
 + Level 16.0 Conjurations
 + Level 16.0 Hexes
 + Level 16.0 Summonings
 + Level 16.0 Necromancy
 + Level 16.8 Translocations
 + Level 16.0 Fire Magic
 + Level 16.0 Ice Magic
 + Level 18.0 Air Magic
 + Level 16.0 Earth Magic
 + Level 16.0 Alchemy
 + Level 20.3 Invocations
 + Level 18.8 Evocations
 + Level 17.4 Shapeshifting


You had 26 spell levels left.
You knew the following spells:

 Your Spells              Type           Power      Damage    Failure   Level
a - Blink                 Tloc           100%       N/A       1%          2
b - Metabolic Englaciati  Hex/Ice        27%        N/A       1%          5
c - Manifold Assault      Tloc           57%        N/A       1%          4
d - Vhi's Electric Charg  Tloc/Air       100%       N/A       1%          4
e - Apportation           Tloc           100%       N/A       0%          1
f - Dimensional Bullseye  Hex/Tloc       28%        N/A       1%          4
g - Leda's Liquefaction   Alch/Erth      27%        N/A       1%          4
h - Ozocubu's Armour      Ice            55%        N/A       1%          3
i - Dispersal             Tloc           28%        N/A       1%          6
j - Irradiate             Conj/Alch      27%        3d20      1%          5

Your spell library contained the following spells:

 Spells                   Type           Power      Damage    Failure   Level
 Foxfire                  Conj/Fire      100%       2x1d9     0%          1
 Kiss of Death            Conj/Necr      100%       2d13      0%          1
 Necrotise                Necr           100%       1d9       0%          1
 Sandblast                Erth           100%       2d20      0%          1
 Shock                    Conj/Air       100%       1d9       0%          1
 Slow                     Hex            100%       N/A       0%          1
 Sting                    Conj/Alch      100%       1d9       0%          1
 Cigotuvi's Dreadful Rot  Necr/Alch/Air  100%       N/A       1%          2
 Ensorcelled Hibernation  Hex/Ice        100%       N/A       1%          2
 Lesser Beckoning         Tloc           100%       N/A       1%          2
 Mercury Vapours          Alch/Air       100%       N/A       1%          2
 Scorch                   Fire           100%       2d9       1%          2
 Searing Ray              Conj           100%       2d8       1%          2
 Static Discharge         Conj/Air       100%       3-8/arc   1%          2
 Confusing Touch          Hex            55%        N/A       1%          3
 Frozen Ramparts          Ice            100%       1d16      1%          3
 Fugue of the Fallen      Necr           55%        N/A       1%          3
 Gell's Gravitas          Tloc           57%        N/A       1%          3
 Hailstorm                Conj/Ice       55%        3d11      1%          3
 Mephitic Cloud           Conj/Alch/Air  57%        N/A       1%          3
 Passwall                 Erth           55%        N/A       1%          3
 Sigil of Binding         Hex            55%        N/A       1%          3
 Stone Arrow              Conj/Erth      100%       3d13      1%          3
 Swiftness                Air            59%        N/A       1%          3
 Teleport Other           Tloc           57%        N/A       1%          3
 Vampiric Draining        Necr           55%        2d9       1%          3
 Volatile Blastmotes      Fire/Tloc      100%       2d18      1%          3
 Airstrike                Air            29%        2d(5-21)  1%          4
 Anguish                  Hex/Necr       27%        N/A       1%          4
 Brom's Barrelling Bould  Conj/Erth      55%        2d7       1%          4
 Dispel Undead            Necr           55%        3d20      1%          4
 Flame Wave               Conj/Fire      55%        2d13      1%          4
 Fulminant Prism          Conj/Alch      27%        3d13      1%          4
 Ignite Poison            Fire/Alch      55%        N/A       1%          4
 Olgreb's Toxic Radiance  Alch           55%        N/A       1%          4
 Petrify                  Alch/Erth      55%        N/A       1%          4
 Sticky Flame             Fire/Alch      55%        2d10      1%          4
 Alistair's Intoxication  Alch           36%        N/A       1%          5
 Borgnjor's Vile Clutch   Necr/Erth      27%        N/A       1%          5
 Freezing Cloud           Conj/Ice/Air   28%        6-21      1%          5
 Iskenderun's Battlesphe  Conj           55%        2d11      1%          5
 Lee's Rapid Deconstruct  Erth           27%        3d15*     1%          5
 Conjure Ball Lightning   Conj/Air       28%        3x3d8     1%          6
 Plasma Beam              Fire/Air       28%        2x1d41    1%          6
 Bombard                  Conj/Erth      27%        9d5       2%          6
 Eringya's Noxious Bog    Alch           27%        4d6       2%          6
 Starburst                Conj/Fire      27%        6d9       2%          6
 Ozocubu's Refrigeration  Ice            27%        4d13      14%         7
 Maxwell's Capacitive Co  Air            29%        ∞         45%         8
 Disjunction              Tloc           28%        N/A       63%         8
 Discord                  Hex            27%        N/A       73%         8
 Ignition                 Fire           27%        3d9       73%         8
 Lehudib's Crystal Spear  Conj/Erth      27%        10d7      73%         8
 Polar Vortex             Ice            27%        12d3*     100%        9
 Summon Small Mammal      Summ           Unusable   N/A       N/A         1
 Call Canine Familiar     Summ           Unusable   N/A       N/A         3
 Summon Lightning Spire   Summ/Air       Unusable   N/A       N/A         4
 Summon Cactus Giant      Summ           Unusable   N/A       N/A         6
 Spellforged Servitor     Conj/Summ      Unusable   N/A       N/A         7

Dungeon Overview and Level Annotations

Branches:
Dungeon (15/15)            Temple (1/1) D:6            Lair (5/5) D:11
  Swamp (4/4) Lair:3        Snake (4/4) Lair:2        Slime (5/5) Lair:4
    Orc (2/2) D:11            Elf (3/3) Orc:2        Vaults (4/5) D:14
  Crypt (0/3) Vaults:2     Depths (4/4) D:15            Zot (5/5) Depths:4
Desolation (visited)      Gauntlet (visited)

Altars:
Ashenzari
Cheibriados
Dithmenos
Elyvilon
Fedhas
Gozag
Hepliaklqana
Kikubaaqudgha
Makhleb
Nemelex Xobeh
Okawaru
Qazlal
Ru
Sif Muna
Trog
Uskayaw
Vehumet
Wu Jian
Xom
Yredelemnul
Zin
The Shining One
Beogh
Jiyva

Shops:
D:2 !   D:4 (   Orc:1 *   Orc:2 =((?   Elf:1 [   Elf:2 (   Snake:1 *[
Vaults:2 (!=   Vaults:3 ?   Depths:2 ?   Depths:4 !*[(

Portals:
Hell: Depths:1 Depths:2 Depths:3 Depths:4
Abyss: Depths:3
Pandemonium: Depths:1 Depths:2 Depths:3
Ziggurat: Depths:1
Trove: Vaults:3 (give 2 scrolls of acquirement)

Annotations:
Swamp:3 1 exclusion, Mara
Snake:2 Roxanne
Zot:5 1 exclusion


Innate Abilities, Weirdness & Mutations

You have very sharp teeth.
Your uncanny sense of smell can sniff out nearby items.
Your experience applies equally to all skills.
Armour fits poorly on your strangely shaped body.
You occasionally shout uncontrollably at your foes.


Message History

The slug freezes the Tzitzimitl.
The Tzitzimitl is moderately wounded.
You shoot a slug. The slug hits the Tzitzimitl.
The Tzitzimitl is moderately wounded.
You shoot a slug. The slug hits the Tzitzimitl!!
The slug freezes the Tzitzimitl.
The Tzitzimitl is heavily wounded.
You shoot a slug. The slug hits the Tzitzimitl!!
The slug freezes the Tzitzimitl.
The Tzitzimitl is severely wounded.
The Tzitzimitl calls on the powers of darkness!
Your body is wracked with pain!
You take 98 damage, and have 124/222 hp.
MASSIVE DAMAGE!!
You shoot a slug. The slug hits the Tzitzimitl!
The Tzitzimitl is almost dead.
The Tzitzimitl gestures at you. The bolt of negative energy misses you.
You shoot a slug. The slug hits the Tzitzimitl!!
The slug freezes the Tzitzimitl.
You kill the Tzitzimitl!
Okawaru accepts your kill.
Your Throwing skill increases to level 19!
Your Armour skill increases to level 19!
You regained 2 hp, and now have 127/222 hp.
There is a stone staircase leading up here.
You climb upwards.
There is a stone staircase leading down here.
There is a stone staircase leading up here.
You climb upwards.
There is a stone staircase leading down here.
There is a stone staircase leading up here.
You climb upwards.
There is a stone staircase leading down here.
There is a stone staircase leading up here.
You climb upwards.
There is a stone staircase leading down here.
There is a stone staircase leading up here.
You climb upwards.
There is a stone staircase leading down here.
HP restored.
There is a stone staircase leading up here.
You climb upwards.
There is a stone staircase leading down here.
A profane servitor comes into view. It is wielding a +1 whip.
There is a stone staircase leading up here.
Health restored: 222 You climb upwards.
There is a stone staircase leading down here.
An Orb Guardian comes into view.
You shoot a slug. The slug hits the Orb Guardian!!
The slug freezes the Orb Guardian.
The Orb Guardian is moderately wounded.
You shoot a slug. The slug hits the Orb Guardian!
The slug freezes the Orb Guardian.
The Orb Guardian is heavily wounded.
You shoot a slug.
The slug completely misses the Orb Guardian.
The Orb Guardian completely misses you.
You shoot a slug.
The slug closely misses the Orb Guardian.
You block the Orb Guardian's attack.
The Orb Guardian hits you but does no damage.
You shoot a slug. The slug hits the Orb Guardian!!
The slug freezes the Orb Guardian!
The Orb Guardian is almost dead.
The Orb Guardian hits you!
You take 7 damage, and have 215/222 hp.
You shoot a slug. The slug misses the Orb Guardian.
You block the Orb Guardian's attack.
The Orb Guardian hits you but does no damage.
You regained 2 hp, and now have 217/222 hp.
You shoot a slug. The slug hits the Orb Guardian!!
The slug freezes the Orb Guardian.
You kill the Orb Guardian!
Okawaru accepts your kill.
No target in view!
HP restored.
There is a stone staircase leading up here.
You climb upwards.
There is a stone staircase leading down here.
You see here a +0 sling.
There is a stone staircase leading up here.
You climb upwards.
There is a stone staircase leading down here.
An Orb Guardian comes into view.
Health restored: 222 You shoot a slug.
The slug barely misses the Orb Guardian.
You shoot a slug. The slug hits the Orb Guardian!!
The slug freezes the Orb Guardian.
The Orb Guardian is moderately wounded.
You shoot a slug. The slug hits the Orb Guardian!!!!
The slug freezes the Orb Guardian!
You kill the Orb Guardian!
Okawaru accepts your kill.
No target in view!
No target in view!
There is a staircase leading out of the dungeon here.
You have escaped!

#.# #..≈...########...
########.###.≈§§§........+...
#......#.##..§§§§#..######...
##......#)#..≈..§.#.........#.
#.........#.≈...§§#.###..##.#.
#...........≈...≈.#.# #..##.#.
#.#####..§≈§≈.....#.# #.....#.
#.# ##..≈...≈.≈...#.# ##.#.>..
#.###..§....≈@§§§.#.# #.#..#.
#.##....≈§....§§§.#.# #.#..#'
####'##.##..≈§§≈≈.§§.#.# #.#....
..........#.§§§...≈..#.# #.#....
.....)###.####.§..§≈.#.# #.#....
......###.......≈..≈§#.####.#..#'
.........##....#.≈§≈§#.........#.
.........#.....#.§§≈§########..#.
#####....#.....#..§§.#.........#.


There were no monsters in sight!

Vanquished Creatures
  the Royal Jelly (Slime:5)
  A dread lich (Zot:1)
  Tiamat (Zot:5)
  An orb of fire (Zot:3)
  Sojobo (Depths:4)
  Xtahua (Depths:4)
  Saint Roka (Snake:3)
  Vashnia (Snake:3)
  5 curse toes
  4 caustic shrikes (Depths:4)
  Nikola (Swamp:2)
  Norris (Depths:3)
  3 bone dragons
  A Tzitzimitl (D:10)
  3 electric golems
  The ghost of Dodessio the Severer, an adept DsGl of Jiyva (Elf:3)
  Zenata (Elf:1)
  19 tentacled monstrosities
  2 Ice Fiends
  18 Orb Guardians
  2 deep elf blademasters (Elf:3)
  A lich (Zot:1)
  A titan (Depths:2)
  A walking frostbound tome (Depths:3)
  2 quicksilver dragons (Zot:3)
  2 deep elf master archers (Elf:3)
  A walking divine tome (Depths:3)
  19 acid blobs
  Frances (Elf:1)
  15 death cobs
  3 sphinxes
  Gastronok (D:9)
  13 storm dragons
  Donald (Slime:2)
  2 tengu reavers (Depths:4)
  13 shadow dragons
  Aizul (Swamp:3)
  4 protean progenitors
  Kirke (Lair:3)
  6 frost giants
  4 nagarajas
  9 azure jellies
  11 rockslimes
  3 fenstrider witches
  5 draconian knights
  12 draconian monks
  Louise (Elf:1)
  6 deep elf elementalists
  11 draconian shifters
  2 ghost moths (Zot:4)
  2 fire giants (Depths:4)
  4 vault wardens
  3 iron dragons
  A balrug (D:15)
  4 imperial myrmidons (Desolation)
  11 draconian scorchers
  3 orc warlords
  3 deep elf sorcerers (Elf:3)
  A reaper (Zot:4)
  15 ironbound preservers
  8 very ugly things
  6 draconian stormcallers
  A ghoul (Vaults:2)
  A spriggan defender (Depths:3)
  6 stone giants
  13 quicksilver oozes
  4 broodmothers (Zot:1)
  14 formless jellyfish
  12 draconian annihilators
  13 ironbound thunderhulks
  4 eleionomae
  3 deep elf demonologists (Elf:3)
  13 purple draconians
  11 black draconians
  5 deep elf annihilators
  12 deep elf death magi
  Nessos (Lair:3)
  Azrael (Elf:2)
  14 white draconians
  A minotaur (Gauntlet)
  17 dire elephants
  18 yellow draconians
  A halazid warlock (Desolation)
  2 bunyips
  2 war gargoyles (Vaults:3)
  12 red draconians
  3 spark wasps
  20 green draconians
  Snorg (Lair:4)
  A green death (Depths:3)
  10 fire dragons
  4 crystal guardians
  7 ettins
  2 deep elf high priests (Elf:3)
  2 entropy weavers
  Josephine (Orc:2)
  8 yaktaur captains
  A merfolk impaler (Depths:1)
  5 salamander tyrants
  12 hydras
  10 ragged hierophants (Desolation)
  7 great orbs of eyes
  2 ghost crabs
  14 peacekeepers
  8 ice dragons
  3 rakshasas
  5 servants of whispers (Desolation)
  9 vault guards
  7 ironbound frosthearts
  Erica (Orc:1)
  20 centaur warriors
  A spriggan air mage (Depths:4)
  8 anacondas
  12 alligators
  3 orc high priests
  8 boulder beetles
  33 dancing weapons
  4 spriggan berserkers
  2 two-headed ogres
  7 deep troll shamans
  2 death yaks (Lair:5)
  5 tengu warriors
  7 deep troll earth magi
  14 naga sharpshooters
  17 naga warriors
  5 hell knights
  6 shock serpents
  A vampire mage (Depths:4)
  18 deep elf knights
  Nergalle (Orc:1)
  5 soul eaters
  4 skysharks
  6 iron trolls
  5 salamander mystics
  Amaemon (Lair:2)
  8 skeletal warriors
  46 deep trolls
  6 sun demons
  A spectral anaconda (Lair:5)
  4 goliath frogs
  4 spriggan druids
  2 swamp dragons
  4 mana vipers
  A glowing orange brain (Slime:5)
  3 flayed ghosts
  3 death drakes
  A storm dragon skeleton (Zot:1)
  2 shadow demons
  6 large abominations
  2 spectral hydras (Swamp:4)
  3 arcanists
  9 bog bodies
  2 obsidian statues
  14 deep elf archers
  6 necromancers
  9 thermic dynamos
  The ghost of ForkInBrain the Zephyrmancer, a novice TeAE of Vehumet (D:8)
  2 phantasmal warriors
  8 lindwurms
  10 orc knights
  22 deep elf pyromancers
  21 deep elf zephyrmancers
  4 naga ritualists
  A shining eye (shapeshifter) (Depths:3)
  2 alligator zombies (Swamp:4)
  7 harpies
  23 ironbound convokers
  10 orc sorcerers
  2 manticores
  5 shining eyes
  5 oklob plants
  7 ugly things
  7 will-o-the-wisps
  4 cyclopes
  34 elephants
  19 salamanders
  2 black mambas (shapeshifter)
  10 guardian serpents
  33 black mambas
  21 moths of wrath
  2 kobold blastminers (Orc:2)
  A water nymph (shapeshifter) (Elf:2)
  10 cane toads
  16 naga magi
  4 eyes of devastation
  6 torpor snails
  3 gargoyles
  An unseen horror (shapeshifter) (D:14)
  A cane toad (shapeshifter) (D:15)
  7 unseen horrors
  A molten gargoyle (Desolation)
  A minotaur zombie (Gauntlet)
  An orange demon (Lair:2)
  16 vault sentinels
  A dire elephant skeleton (Lair:5)
  4 rime drakes
  4 swamp worm zombies (Swamp:4)
  6 kobold demonologists
  15 komodo dragons
  3 freezing wraiths
  14 yaktaurs
  2 hydra zombies (Swamp:4)
  A guardian mummy (Zot:1)
  7 trolls
  2 tengu conjurers
  A queen bee (shapeshifter) (D:14)
  7 bloated husks
  A polar bear (shapeshifter) (Elf:3)
  The ghost of hattop the Slasher, an amateur CoMo of Beogh (D:7)
  10 tyrant leeches
  82 saltlings (Desolation)
  3 polar bears
  3 dream sheep (Lair:4)
  13 hornets
  4 spectral swamp dragons (Swamp:4)
  6 blink frogs (Lair:5)
  4 glass eyes
  3 centaur simulacra (Gauntlet)
  144 slime creatures
  11 spriggans
  6 air elementals
  3 shadows
  7 wraiths
  A jumping spider (shapeshifter) (Depths:3)
  3 basilisks
  Sigmund (D:4)
  40 yaks
  12 fire bats (D:11)
  A vampire (D:11)
  2 ynoxinuls
  A hog (Lair:3)
  5 wyverns
  7 water elementals
  2 fire elementals
  A yak (shapeshifter) (D:15)
  4 humans (Lair:3)
  3 golden eyes
  4 tyrant leech zombies (Swamp:4)
  A warg (Snake:4)
  18 vampire mosquitoes
  5 redbacks
  A death yak simulacrum (Lair:5)
  3 steam dragons
  3 chaos spawn (Depths:3)
  16 swamp worms
  2 acid dragons
  61 nagas
  3 small abominations (Depths:3)
  Duvessa (D:6)
  12 water moccasins
  4 hell hounds (Elf:2)
  19 orc warriors
  A swamp drake (Swamp:3)
  A sky beast (D:7)
  A laughing skull (Vaults:2)
  5 swamp dragon zombies (Swamp:4)
  3 black bears (D:11)
  4 ogres
  9 centaurs
  23 wolves
  6 phantoms
  16 bullfrogs
  4 kobold brigands
  A cane toad simulacrum (Lair:5)
  A scorpion (D:6)
  8 wights
  A hornet simulacrum (Gauntlet)
  Dowan (D:6)
  5 killer bees (D:10)
  An elephant simulacrum (Lair:5)
  11 jellies
  3 electric eels
  9 howler monkeys
  6 hounds
  2 bombardier beetles
  28 orc priests
  A gnoll bouda (D:4)
  7 iguanas
  26 orc wizards
  6 hell rats
  5 adders
  6 gnolls
  A shadow imp (D:7)
  2 white imps
  2 ufetubi (D:5)
  2 dart slugs
  4 ribbon worms
  75 orcs
  10 ball pythons
  9 endoplasms
  11 goblins
  6 hobgoblins
  9 jackals
  4 quokkas
  47 bats
  3 frilled lizards
  17 kobolds
  8 rats
  A butterfly (Lair:2)
2283 creatures vanquished.

Vanquished Creatures (others)
  A green draconian (Zot:4)
  A purple draconian (Zot:3)
  2 deep elf knights (Elf:3)
  A deep elf archer (Elf:3)
  A phantasmal warrior (Swamp:4)
  A guardian serpent (Snake:1)
  3 bloated husks
  A spectral swamp dragon (Swamp:4)
  An orc warrior (Snake:4)
  A phantom (Swamp:4)
  An orc priest (Orc:2)
  2 orc wizards
  23 foxfires
39 creatures vanquished.

Grand Total: 2322 creatures vanquished

Notes
Turn   | Place    | Note
-------+----------+-------------------------------------------
     0 | D:1      | gimp the Gnoll Warper began the quest for the Orb.
     0 | D:1      | Reached XP level 1. HP: 20/20 MP: 6/6
    99 | D:1      | Reached XP level 2. HP: 20/26 MP: 7/7
   210 | D:1      | You fall into a shaft and drop 1 floor!
   251 | D:2      | Found Zouggowecu's Distillery.
   313 | D:2      | Reached skill level 5 in Spellcasting
   313 | D:2      | Reached XP level 3. HP: 24/31 MP: 7/9
   322 | D:2      | Learned a level 2 spell: Blink
   326 | D:2      | Learned a level 3 spell: Teleport Other
   535 | D:2      | Reached skill level 1 in Invocations
   874 | D:1      | Reached skill level 1 in Short Blades
   874 | D:1      | Reached skill level 1 in Axes
   874 | D:1      | Reached skill level 1 in Maces & Flails
   874 | D:1      | Reached skill level 1 in Polearms
   874 | D:1      | Reached skill level 1 in Staves
   874 | D:1      | Reached skill level 1 in Ranged Weapons
   874 | D:1      | Reached skill level 1 in Stealth
   874 | D:1      | Reached skill level 1 in Shields
   874 | D:1      | Reached skill level 1 in Unarmed Combat
   874 | D:1      | Reached skill level 1 in Evocations
  1606 | D:2      | Reached skill level 1 in Shapeshifting
  1606 | D:2      | Reached XP level 4. HP: 38/38 MP: 11/11
  2222 | D:3      | Reached skill level 1 in Conjurations
  2222 | D:3      | Reached skill level 1 in Hexes
  2222 | D:3      | Reached skill level 1 in Summonings
  2222 | D:3      | Reached skill level 1 in Necromancy
  2222 | D:3      | Reached skill level 1 in Fire Magic
  2222 | D:3      | Reached skill level 1 in Ice Magic
  2222 | D:3      | Reached skill level 1 in Air Magic
  2222 | D:3      | Reached skill level 1 in Earth Magic
  2222 | D:3      | Reached skill level 1 in Alchemy
  2272 | D:3      | Found a glowing silver altar of Zin.
  2415 | D:3      | Reached XP level 5. HP: 19/43 MP: 12/12
  2878 | D:4      | Learned a level 4 spell: Manifold Assault
  2883 | D:4      | Learned a level 4 spell: Vhi's Electric Charge
  2885 | D:4      | Learned a level 1 spell: Apportation
  3058 | D:4      | Found a blossoming altar of Fedhas.
  3132 | D:4      | Found a bloodstained altar of Trog.
  3488 | D:4      | Identified the +8 chain mail of the Kettle-Drum {Harm
                  | ^Drain rC+ rCorr}
  3657 | D:4      | Reached skill level 2 in Invocations
  3739 | D:4      | Found Surr's Weapon Boutique.
  3979 | D:5      | Entered Level 5 of the Dungeon
  4008 | D:4      | Reached XP level 6. HP: 50/50 MP: 13/13
  4058 | D:5      | Noticed Sigmund
  4061 | D:4      | Reached skill level 5 in Fighting
  4061 | D:4      | Reached skill level 5 in Long Blades
  4061 | D:4      | Reached skill level 5 in Dodging
  4234 | D:5      | Reached XP level 7. HP: 56/56 MP: 15/15
  4557 | D:4      | Killed Sigmund
  4558 | D:4      | Reached skill level 3 in Invocations
  4871 | D:6      | Noticed Duvessa
  4871 | D:6      | Noticed Dowan
  4948 | D:6      | Found a staircase to the Ecumenical Temple.
  4966 | D:6      | Reached XP level 8. HP: 47/63 MP: 16/16
  4977 | Temple   | Entered the Ecumenical Temple
  5371 | D:6      | Killed Dowan
  5379 | D:6      | Killed Duvessa
  5841 | D:7      | Noticed Maurice
  5843 | D:7      | Maurice changed into Maurice the ogre
  5843 | D:7      | Noticed Maurice
  5855 | D:7      | Killed Maurice the ogre
  5856 | D:7      | Reached skill level 4 in Invocations
  6022 | D:7      | Reached XP level 9. HP: 68/69 MP: 18/18
  6390 | D:7      | Found a transporter.
  6400 | D:7      | Noticed hattop's ghost (amateur CoMo)
  6422 | D:7      | Reached skill level 5 in Throwing
  6422 | D:7      | Reached skill level 5 in Armour
  6780 | D:7      | Found a transporter.
  6863 | D:7      | Noticed a moth of wrath
  7046 | D:8      | Found an ornate altar of the Wu Jian Council.
  7144 | D:7      | Reached skill level 5 in Invocations
  7336 | D:8      | Found a runed translucent gate.
  7336 | D:8      | Found a runed translucent gate.
  7339 | D:8      | Noticed ForkInBrain's ghost (novice TeAE)
  7340 | D:8      | Found a runed translucent gate.
  7344 | D:8      | Found a viscous altar of Jiyva.
  7440 | D:8      | Found a basalt altar of Yredelemnul.
  7488 | D:8      | Noticed a two-headed ogre
  7648 | D:8      | Killed a two-headed ogre
  7649 | D:8      | Reached skill level 5 in Short Blades
  7649 | D:8      | Reached skill level 5 in Axes
  7649 | D:8      | Reached skill level 5 in Maces & Flails
  7649 | D:8      | Reached skill level 5 in Polearms
  7649 | D:8      | Reached skill level 5 in Staves
  7649 | D:8      | Reached skill level 5 in Ranged Weapons
  7649 | D:8      | Reached skill level 5 in Stealth
  7649 | D:8      | Reached skill level 5 in Shields
  7649 | D:8      | Reached skill level 5 in Unarmed Combat
  7649 | D:8      | Reached skill level 5 in Evocations
  7649 | D:8      | Reached XP level 10. HP: 27/79 MP: 20/20
  7865 | D:9      | Found a shimmering altar of Xom.
  7866 | D:9      | Found a radiant altar of Vehumet.
  7883 | D:9      | Noticed a two-headed ogre
  7889 | D:9      | Killed a two-headed ogre
  7890 | D:9      | Reached skill level 6 in Invocations
  7890 | D:9      | Reached skill level 5 in Shapeshifting
  7971 | D:9      | Noticed Gastronok
  8018 | D:9      | Noticed an oklob plant
  8165 | D:9      | Noticed an oklob plant
  8165 | D:9      | Noticed an oklob plant
  8322 | D:9      | Noticed an oklob plant
  8554 | D:10     | Entered Level 10 of the Dungeon
  8892 | D:10     | Found an iron altar of Okawaru.
  9295 | D:10     | Found a glowing golden altar of the Shining One.
  9635 | D:10     | Noticed a kobold demonologist
  9659 | D:10     | Killed a kobold demonologist
  9704 | D:10     | Reached skill level 5 in Conjurations
  9704 | D:10     | Reached skill level 5 in Hexes
  9704 | D:10     | Reached skill level 5 in Summonings
  9704 | D:10     | Reached skill level 5 in Necromancy
  9704 | D:10     | Reached skill level 5 in Fire Magic
  9704 | D:10     | Reached skill level 5 in Ice Magic
  9704 | D:10     | Reached skill level 5 in Air Magic
  9704 | D:10     | Reached skill level 5 in Earth Magic
  9704 | D:10     | Reached skill level 5 in Alchemy
  9706 | D:10     | Reached XP level 11. HP: 79/85 MP: 1/22
 10048 | D:11     | Found a stormy altar of Qazlal.
 10064 | D:11     | Found a runed translucent door.
 10068 | D:11     | Found a shimmering altar of Xom.
 10091 | D:11     | Found a basalt altar of Yredelemnul.
 10204 | D:11     | Found a basalt altar of Yredelemnul.
 10389 | D:11     | Found a bloodstained altar of Trog.
 10467 | D:11     | Reached skill level 7 in Invocations
 10560 | D:11     | Found a bloodstained altar of Trog.
 10820 | D:11     | Noticed a manticore
 10826 | D:11     | Killed a manticore
 10908 | D:10     | Became a worshipper of Warmaster Okawaru
 11286 | D:11     | Found a staircase to the Lair.
 11310 | D:11     | Found a staircase to the Orcish Mines.
 11311 | D:11     | Identified the +4 flail "Puidghihu" {heavy, Dex+3 SInv}
 11461 | D:11     | Reached * piety under Okawaru
 12025 | D:11     | Noticed a soul eater
 12031 | D:11     | Noticed a sixfirhy
 12186 | D:10     | Reached ** piety under Okawaru
 12319 | D:10     | Reached XP level 12. HP: 93/94 MP: 5/24
 12492 | D:11     | Identified the +5 broad axe of Pyk Java {freeze, rC+ Str+5}
 12494 | D:11     | Identified the +6 orcbow "Jays" {freeze, rCorr Int+8 Dex-2
                  | Stlth-}
 12610 | Lair:1   | Entered Level 1 of the Lair of Beasts
 12629 | Lair:1   | Reached skill level 8 in Invocations
 12911 | Lair:1   | Reached *** piety under Okawaru
 13507 | Lair:2   | Reached **** piety under Okawaru
 13613 | Lair:2   | Noticed a seven-headed hydra
 13709 | Lair:2   | Noticed Amaemon
 13720 | Lair:2   | Killed Amaemon
 13790 | Lair:2   | Killed a seven-headed hydra
 13818 | Lair:2   | Reached ***** piety under Okawaru
 13849 | Lair:2   | Reached XP level 13. HP: 87/101 MP: 26/26
 13869 | Lair:2   | Learned a level 4 spell: Dimensional Bullseye
 13946 | Lair:2   | Identified a scroll of acquirement
 13946 | Lair:2   | Acquired 1208 gold pieces
 13975 | Lair:2   | Reached skill level 9 in Invocations
 14374 | Lair:2   | Found a staircase to the Snake Pit.
 14561 | Lair:3   | Noticed Nessos
 14564 | Lair:3   | Killed Nessos
 14756 | Lair:3   | Noticed Kirke
 14769 | Lair:3   | Killed Kirke
 14769 | Lair:3   | Received a gift from Okawaru
 14770 | Lair:3   | Reached skill level 10 in Spellcasting
 14829 | Lair:3   | Found a staircase to the Swamp.
 15731 | Lair:4   | Reached skill level 10 in Fighting
 15731 | Lair:4   | Reached skill level 10 in Long Blades
 15731 | Lair:4   | Reached skill level 10 in Dodging
 15867 | Lair:4   | Reached ****** piety under Okawaru
 15868 | Lair:4   | Received a gift from Okawaru
 15871 | Lair:4   | Acquired the +5 battleaxe of Virtue {freeze, rPois rN+
                  | Str+3 Stlth+}
 15871 | Lair:4   | Received a gift from Okawaru
 15872 | Lair:4   | Acquired the +0 pair of boots of the Game of Life {Str+4
                  | Dex+6}
 15872 | Lair:4   | Received a gift from Okawaru
 16334 | Lair:4   | Reached XP level 14. HP: 110/110 MP: 28/28
 16421 | Lair:4   | Reached skill level 10 in Invocations
 16423 | Lair:4   | Found a staircase to the Slime Pits.
 16428 | Lair:4   | Found a viscous altar of Jiyva.
 16438 | Lair:4   | Noticed Snorg
 16449 | Lair:4   | Killed Snorg
 16632 | Lair:5   | Entered Level 5 of the Lair of Beasts
 16769 | Lair:5   | Received a gift from Okawaru
 17095 | Lair:5   | Noticed a dire elephant
 17273 | Lair:5   | Received a gift from Okawaru
 17350 | Lair:5   | Reached skill level 10 in Throwing
 17350 | Lair:5   | Reached skill level 10 in Armour
 17443 | Lair:5   | Found a snail-covered altar of Cheibriados.
 17954 | Orc:1    | Entered Level 1 of the Orcish Mines
 18097 | Orc:2    | Entered Level 2 of the Orcish Mines
 18101 | Orc:2    | Found a staircase to the Elven Halls.
 18131 | Orc:2    | Found a roughly hewn altar of Beogh.
 18190 | Orc:2    | Found a gate leading to a gauntlet.
 18223 | Gauntlet | Entered a Gauntlet
 18223 | Gauntlet | Found a transporter.
 18223 | Gauntlet | Found a transporter.
 18225 | Gauntlet | Found a transporter.
 18229 | Gauntlet | Found a large runed translucent door.
 18230 | Gauntlet | Found a large runed translucent door.
 18231 | Gauntlet | Found a large runed translucent door.
 18231 | Gauntlet | Found a large runed translucent door.
 18231 | Gauntlet | Found a runed translucent door.
 18238 | Gauntlet | Found a transporter.
 18244 | Gauntlet | Found a transporter.
 18252 | Gauntlet | Found a transporter.
 18253 | Gauntlet | Found a transporter.
 18259 | Gauntlet | Found a transporter.
 18283 | Gauntlet | Found a large runed translucent door.
 18284 | Gauntlet | Found a large runed translucent door.
 18285 | Gauntlet | Found a large runed translucent door.
 18285 | Gauntlet | Found a large runed translucent door.
 18286 | Gauntlet | Found a runed translucent gate.
 18288 | Gauntlet | Found a transporter.
 18291 | Gauntlet | Noticed a balrug
 18393 | Gauntlet | Found a transporter.
 18395 | Gauntlet | Found a large runed translucent door.
 18395 | Gauntlet | Found a transporter.
 18396 | Gauntlet | Found a large runed translucent door.
 18397 | Gauntlet | Found a large runed translucent door.
 18397 | Gauntlet | Found a large runed translucent door.
 18397 | Gauntlet | Found a runed translucent door.
 18398 | Gauntlet | Found a large runed translucent door.
 18399 | Gauntlet | Found a large runed translucent door.
 18400 | Gauntlet | Found a large runed translucent door.
 18400 | Gauntlet | Found a large runed translucent door.
 18401 | Gauntlet | Found a runed translucent gate.
 18401 | Gauntlet | Found a runed translucent gate.
 18403 | Gauntlet | Found a transporter.
 18529 | Gauntlet | Identified the +2 pair of gloves of Ytue {rPois rC+}
 18669 | Gauntlet | Reached skill level 10 in Translocations
 18760 | Orc:1    | Noticed Nergalle
 18764 | Orc:1    | Killed Nergalle
 18764 | Orc:1    | Received a gift from Okawaru
 18765 | Orc:1    | Noticed Erica
 18772 | Orc:1    | Killed Erica
 18903 | Orc:1    | Found Townuz's Assorted Antiques.
 18918 | Orc:2    | Reached skill level 10 in Short Blades
 18918 | Orc:2    | Reached skill level 10 in Axes
 18918 | Orc:2    | Reached skill level 10 in Maces & Flails
 18918 | Orc:2    | Reached skill level 10 in Polearms
 18918 | Orc:2    | Reached skill level 10 in Staves
 18918 | Orc:2    | Reached skill level 10 in Ranged Weapons
 18918 | Orc:2    | Reached skill level 10 in Stealth
 18918 | Orc:2    | Reached skill level 10 in Shields
 18918 | Orc:2    | Reached skill level 10 in Unarmed Combat
 18918 | Orc:2    | Reached skill level 10 in Evocations
 18949 | Orc:1    | Noticed Josephine
 18990 | Orc:2    | Killed Josephine
 19056 | Orc:1    | Bought a potion of heal wounds for 130 gold pieces
 19288 | Orc:1    | Reached XP level 15. HP: 53/118 MP: 7/30
 19425 | Orc:1    | Reached skill level 11 in Invocations
 19879 | D:12     | Received a gift from Okawaru
 20346 | D:13     | Learned a level 5 spell: Metabolic Englaciation
 21314 | D:14     | Received a gift from Okawaru
 21644 | D:14     | Found a gate to the Vaults.
 21739 | D:14     | Found an opulent altar of Gozag.
 21836 | D:15     | Entered Level 15 of the Dungeon
 22073 | D:15     | Found a sparkling altar of Nemelex Xobeh.
 22138 | D:15     | Received a gift from Okawaru
 22369 | D:15     | Found a staircase to the Depths.
 22516 | D:15     | Reached skill level 10 in Shapeshifting
 22659 | D:15     | Reached XP level 16. HP: 127/127 MP: 30/32
 23175 | Snake:1  | Entered Level 1 of the Snake Pit
 23175 | Snake:1  | Found Kipnuuri's General Store.
 23210 | Snake:1  | Bought a scroll of fear for 68 gold pieces
 23210 | Snake:1  | Bought a scroll of teleportation for 51 gold pieces
 23210 | Snake:1  | Bought a scroll of teleportation for 51 gold pieces
 23373 | Lair:2   | Reached skill level 12 in Invocations
 23681 | Snake:1  | Received a gift from Okawaru
 23872 | Snake:1  | Found Derasou's Armour Shop.
 24895 | Snake:2  | Received a gift from Okawaru
 25438 | Snake:2  | Noticed Roxanne
 26046 | Snake:3  | Noticed Vashnia
 26122 | Snake:2  | Received a gift from Okawaru
 26790 | Snake:3  | Reached XP level 17. HP: 135/135 MP: 33/33
 26872 | Snake:3  | Paralysed by a naga mage for 3 turns
 26904 | Snake:3  | Received a gift from Okawaru
 27225 | Snake:3  | Reached skill level 10 in Conjurations
 27225 | Snake:3  | Reached skill level 10 in Hexes
 27225 | Snake:3  | Reached skill level 10 in Summonings
 27225 | Snake:3  | Reached skill level 10 in Necromancy
 27225 | Snake:3  | Reached skill level 10 in Fire Magic
 27225 | Snake:3  | Reached skill level 10 in Ice Magic
 27225 | Snake:3  | Reached skill level 10 in Air Magic
 27225 | Snake:3  | Reached skill level 10 in Earth Magic
 27225 | Snake:3  | Reached skill level 10 in Alchemy
 27609 | Snake:3  | Killed Vashnia
 27675 | Snake:4  | Entered Level 4 of the Snake Pit
 27873 | Snake:4  | Identified the +1 leather armour of Untruth {rN+}
 27905 | Snake:4  | Noticed Saint Roka
 28180 | Snake:4  | Paralysed by an orc sorcerer for 2 turns
 28304 | Snake:3  | Killed Saint Roka
 28305 | Snake:3  | Reached skill level 13 in Invocations
 28509 | Snake:4  | Received a gift from Okawaru
 29633 | Snake:4  | Received a gift from Okawaru
 30394 | Snake:4  | Got a serpentine rune of Zot
 30486 | Snake:1  | Bought a +3 ring mail of fire resistance for 468 gold
                  | pieces
 30486 | Snake:1  | Bought a +1 pair of boots of flying for 297 gold pieces
 30596 | Swamp:1  | Entered Level 1 of the Swamp
 30804 | Swamp:1  | Received a gift from Okawaru
 31472 | Swamp:1  | Upgraded the game from 0.32-a0-630-g46d191b0ed to
                  | 0.32-a0-643-ga006e7742e
 31473 | Swamp:2  | Noticed Nikola
 31518 | Arena    | Entered the Arena
 31619 | Swamp:2  | Killed Nikola
 31620 | Swamp:2  | Reached XP level 18. HP: 75/141 MP: 33/35
 32087 | Swamp:2  | Identified the +3 robe of Mirth {Will+}
 32355 | Swamp:3  | Received a gift from Okawaru
 33148 | Swamp:3  | Noticed Mara
 33181 | Swamp:3  | Noticed gimp's illusion
 33243 | Swamp:3  | Identified the serpent talisman of Repulsion {*Slow rElec
                  | SInv}
 33243 | Swamp:3  | Noticed Aizul
 33257 | Arena    | Entered the Arena
 33291 | Swamp:3  | Paralysed by a fenstrider witch for 4 turns
 33384 | Swamp:3  | Killed Aizul
 33449 | Swamp:3  | Paralysed by a fenstrider witch for 3 turns
 33644 | Swamp:4  | Entered Level 4 of the Swamp
 33897 | Swamp:4  | Received a gift from Okawaru
 34018 | Swamp:4  | Reached skill level 14 in Invocations
 34364 | Swamp:4  | Learned a level 4 spell: Leda's Liquefaction
 34611 | Swamp:4  | Noticed a bone dragon
 34632 | Swamp:4  | Killed a bone dragon
 34896 | Swamp:4  | Got a decaying rune of Zot
 35131 | Vaults:1 | Entered Level 1 of the Vaults
 35662 | Vaults:1 | Received a gift from Okawaru
 35715 | Vaults:1 | Paralysed by a formless jellyfish for 1 turns
 35873 | Vaults:1 | Reached XP level 19. HP: 151/151 MP: 34/37
 36118 | Arena    | Entered the Arena
 37071 | Vaults:1 | Received a gift from Okawaru
 37380 | Vaults:2 | Found Xaqait's Distillery.
 37383 | Vaults:2 | Bought a potion of heal wounds for 100 gold pieces
 37383 | Vaults:2 | Bought a potion of heal wounds for 100 gold pieces
 37489 | Vaults:2 | Found Kuumaurph's Jewellery Shoppe.
 37700 | Vaults:2 | Found a crumbling gateway.
 37744 | Vaults:2 | Learned a level 3 spell: Ozocubu's Armour
 37757 | Desolati | Entered the Desolation of Salt
 37966 | Desolati | Received a gift from Okawaru
 38128 | Desolati | Identified the +0 ice dragon scales of Midsummer {^Drain
                  | rF- rC++ rN+ Str+2 Dex+6}
 38227 | Desolati | Identified the ring "Saroxuph" {rElec rPois Will+ Dex+2
                  | Stlth-}
 38246 | Desolati | Identified the +0 hand axe "Fiym" {freeze, rF+ Dex+3}
 38259 | Desolati | Got the Enchiridion on Litharge and Exhalation
 38287 | Desolati | Identified the ring "Luxyes" {rElec rCorr Str+2 Dex+6
                  | Slay+3}
 38292 | Desolati | Identified the amulet of Yteal {Acrobat Str+3 SInv}
 38296 | Desolati | Identified the ring "Baoros" {Wiz Will- Int+6}
 38303 | Desolati | Identified the +7 quarterstaff "Beetleslayer" {venom, rF+}
 38514 | Desolati | Got Teegif's Quarto of Snowy Destruction
 38554 | Desolati | Identified the amulet of Laky {Faith Will++ Regen+ rCorr
                  | Dex-2}
 38575 | Desolati | Identified the +2 ring mail of Beyond {rElec rCorr Str+4
                  | Int-4}
 38582 | Desolati | Reached skill level 15 in Invocations
 38666 | Desolati | Identified the +8 trident "Qealen" {heavy, rPois rF- rC+}
 38701 | Desolati | Received a gift from Okawaru
 39006 | Desolati | Reached XP level 20. HP: 135/160 MP: 31/38
 39120 | Desolati | Identified the +5 mace of the Common Good {pain, Dex+5}
 39460 | Vaults:2 | Found Egru's Antique Weapon Shop.
 39729 | Vaults:2 | Received a gift from Okawaru
 40312 | Vaults:2 | Received a gift from Okawaru
 40313 | Vaults:2 | Reached skill level 15 in Spellcasting
 40502 | Vaults:2 | Found a staircase to the Crypt.
 40792 | Vaults:3 | Found Reiwoif's Magic Scroll Emporium.
 40797 | Vaults:3 | Bought a scroll of teleportation for 39 gold pieces
 40797 | Vaults:3 | Bought a scroll of teleportation for 39 gold pieces
 40797 | Vaults:3 | Bought a scroll of teleportation for 39 gold pieces
 40797 | Vaults:3 | Bought a scroll of revelation for 97 gold pieces
 40797 | Vaults:3 | Bought a scroll of revelation for 97 gold pieces
 40914 | Vaults:3 | Received a gift from Okawaru
 40915 | Vaults:3 | Reached skill level 15 in Fighting
 40915 | Vaults:3 | Reached skill level 15 in Long Blades
 40915 | Vaults:3 | Reached skill level 15 in Dodging
 41360 | Vaults:3 | Found a portal to a secret trove of treasure.
 41405 | Vaults:3 | Identified the +8 falchion of the Land of Plenty {freeze,
                  | Will+ Int+2}
 41465 | Vaults:3 | Received a gift from Okawaru
 42130 | Vaults:3 | Learned a level 6 spell: Dispersal
 42281 | Vaults:4 | Reached XP level 21. HP: 138/168 MP: 27/40
 42287 | Vaults:4 | Received a gift from Okawaru
 42889 | Vaults:4 | Reached skill level 16 in Invocations
 42903 | Vaults:4 | Reached skill level 15 in Throwing
 42903 | Vaults:4 | Reached skill level 15 in Armour
 43027 | Vaults:4 | Received a gift from Okawaru
 44013 | D:7      | Killed hattop's ghost
 44118 | D:8      | Killed ForkInBrain's ghost
 44308 | D:9      | Killed Gastronok
 44577 | Lair:5   | Received a gift from Okawaru
 44786 | Lair:5   | Reached skill level 15 in Short Blades
 44786 | Lair:5   | Reached skill level 15 in Axes
 44786 | Lair:5   | Reached skill level 15 in Maces & Flails
 44786 | Lair:5   | Reached skill level 15 in Polearms
 44786 | Lair:5   | Reached skill level 15 in Staves
 44786 | Lair:5   | Reached skill level 15 in Ranged Weapons
 44786 | Lair:5   | Reached skill level 15 in Stealth
 44786 | Lair:5   | Reached skill level 15 in Shields
 44786 | Lair:5   | Reached skill level 15 in Unarmed Combat
 44786 | Lair:5   | Reached skill level 15 in Evocations
 45193 | Orc:2    | Found Honyhief's Antique Weapon Shop.
 45193 | Orc:2    | Found Lanlim's Jewellery Boutique.
 45194 | Orc:2    | Found Goeturr's Antique Weapon Boutique.
 45198 | Orc:2    | Found Basaw's Magic Scroll Shop.
 45622 | Elf:1    | Entered Level 1 of the Elven Halls
 45726 | Elf:1    | Noticed Louise
 45774 | Elf:1    | Killed Louise
 45811 | Elf:1    | Paralysed by an air elemental for 1 turns
 45851 | Elf:1    | Found Attoreaph's Armour Boutique.
 45860 | Elf:1    | Paralysed by an air elemental for 1 turns
 46031 | Elf:1    | Received a gift from Okawaru
 46093 | Elf:1    | Noticed Zenata
 46188 | Elf:1    | Noticed Frances
 46202 | Elf:1    | Killed Frances
 46286 | Elf:1    | Killed Zenata
 46492 | Elf:1    | Got the Anthology of Battle Magic
 46798 | Elf:2    | Noticed Azrael
 46812 | Elf:2    | Killed Azrael
 46876 | Elf:2    | Reached XP level 22. HP: 173/177 MP: 42/42
 46889 | Elf:2    | Found a runed translucent gate.
 46889 | Elf:2    | Found a runed translucent gate.
 46900 | Elf:2    | Found a runed translucent gate.
 47020 | Elf:2    | Found a shimmering blue altar of Sif Muna.
 47030 | Elf:2    | Identified the +1 ring mail "Suhegest" {Regen+ Str-3 Int+2
                  | Dex+3}
 47218 | Elf:2    | Found Qipt's Antique Weapon Boutique.
 47585 | Elf:2    | Received a gift from Okawaru
 48172 | Elf:2    | Identified the blade talisman "Forget-Me-Not" {Str+3}
 48336 | Elf:3    | Entered Level 3 of the Elven Halls
 48401 | Elf:3    | Found a runed translucent gate.
 48401 | Elf:3    | Found a runed translucent gate.
 48401 | Elf:3    | Found a runed translucent gate.
 48406 | Elf:3    | Noticed Dodessio's ghost (adept DsGl)
 48844 | Elf:3    | Received a gift from Okawaru
 49210 | Elf:3    | Identified the ring of Mox Ray {rPois rC+ Str-5 Dex+7}
 49256 | Elf:3    | Identified the +8 glaive of Sharkskin {spect, rElec Int+3}
 49264 | Elf:3    | Received a gift from Okawaru
 49265 | Elf:3    | Identified the +5 great sword of Camenk {flame, rElec rC+
                  | Will+}
 49273 | Elf:3    | Reached skill level 17 in Invocations
 49455 | Elf:3    | Identified the ring "Moahaela" {rC+ Will+ Str+6 Int+4}
 49767 | Elf:3    | Identified the +0 pair of boots "Hygece" {Will++}
 49769 | Elf:3    | Identified the +0 chain mail of Hide-and-Seek {rC+ Str+3}
 49786 | Elf:3    | Identified the beast talisman of Niapramn {Str+3}
 49788 | Elf:3    | Got Kuxuboso's Elucidation of Frore Argyropoeia
 49791 | Elf:3    | Identified the +5 ring mail of the Old World {+Blink rC-
                  | Slay+4}
 49798 | Elf:3    | Learned a level 5 spell: Irradiate
 49801 | Elf:3    | Got the Monograph on Kindling and Fumes
 49802 | Elf:3    | Identified the ring "Qarr" {rC++ Dex+6}
 49815 | Elf:3    | Identified the staff of the Winnowing Queen {^Drain rN+
                  | Will+ rCorr Dex+5 Necro}
 49816 | Elf:3    | Identified the +0 robe of Good Intentions {rF++ rC+ rCorr
                  | SInv}
 49983 | Elf:3    | Received a gift from Okawaru
 49983 | Elf:3    | Paralysed by an air elemental for 1 turns
 50046 | Elf:3    | Killed Dodessio's ghost
 50180 | Elf:3    | Identified the +0 cloak of Luajiella {rElec Will+ rCorr
                  | Dex-4}
 50424 | Depths:1 | Entered Level 1 of the Depths
 50425 | Depths:1 | Found a one-way gateway to a ziggurat.
 50573 | Depths:1 | Found a one-way gate leading to the halls of Pandemonium.
 50941 | Depths:1 | Found a white marble altar of Elyvilon.
 50942 | Depths:1 | Found a glowing golden altar of the Shining One.
 50964 | Depths:1 | Found a gateway to Hell.
 51024 | Depths:1 | Reached XP level 23. HP: 167/185 MP: 36/43
 51112 | Depths:1 | Found a glowing silver altar of Zin.
 51176 | Depths:1 | Received a gift from Okawaru
 51821 | Depths:2 | Identified the +11 war axe of Distraction {vamp, SInv}
 51837 | Depths:2 | Found Gifeir's Magic Scroll Shoppe.
 51900 | Depths:2 | Bought a scroll of teleportation for 51 gold pieces
 51900 | Depths:2 | Bought a scroll of teleportation for 51 gold pieces
 51900 | Depths:2 | Bought a scroll of teleportation for 51 gold pieces
 51900 | Depths:2 | Bought a scroll of enchant armour for 127 gold pieces
 51964 | Depths:2 | Received a gift from Okawaru
 52471 | Depths:3 | Noticed Norris
 52488 | Depths:3 | Killed Norris
 52905 | Depths:3 | Received a gift from Okawaru
 52906 | Depths:3 | Reached skill level 15 in Shapeshifting
 53105 | Depths:3 | Found a one-way gate to the infinite horrors of the Abyss.
 53755 | Depths:4 | Entered Level 4 of the Depths
 53756 | Depths:4 | Found a flickering gateway to a bazaar.
 53798 | Bazaar   | Entered a bazaar
 53802 | Bazaar   | Found Jeumoeh's General Store.
 53806 | Bazaar   | Found Ideq's Distillery.
 53806 | Bazaar   | Found Hifua's Magic Scroll Boutique.
 53807 | Bazaar   | Found Niyruqav's Jewellery Boutique.
 53822 | Bazaar   | Bought a scroll of fog for 68 gold pieces
 53822 | Bazaar   | Bought a scroll of revelation for 127 gold pieces
 53837 | Bazaar   | Bought a scroll of enchant armour for 127 gold pieces
 53843 | Bazaar   | Bought 2 potions of haste for 220 gold pieces
 53843 | Bazaar   | Bought a potion of curing for 33 gold pieces
 53843 | Bazaar   | Bought a potion of curing for 33 gold pieces
 53843 | Bazaar   | Bought a potion of magic for 88 gold pieces
 53851 | Bazaar   | Bought a scroll of teleportation for 39 gold pieces
 53851 | Bazaar   | Bought a wand of iceblast (8) for 249 gold pieces
 53877 | Depths:4 | Found a hazy altar of Hepliaklqana.
 53882 | Depths:4 | Noticed a caustic shrike
 53883 | Depths:4 | Received a gift from Okawaru
 53899 | Depths:4 | Killed a caustic shrike
 53972 | Depths:4 | Noticed a caustic shrike
 53972 | Depths:4 | Noticed a caustic shrike
 54001 | Depths:4 | Killed a caustic shrike
 54125 | Depths:4 | Noticed Xtahua
 54127 | Depths:4 | Noticed a caustic shrike
 54146 | Depths:4 | Killed Xtahua
 54150 | Depths:4 | Killed a caustic shrike
 54159 | Depths:4 | Killed a caustic shrike
 54159 | Depths:4 | Received a gift from Okawaru
 54160 | Depths:4 | Reached skill level 15 in Translocations
 54226 | Depths:4 | Found Huniukh's General Store.
 54236 | Depths:4 | Bought a potion of heal wounds for 120 gold pieces
 54339 | Depths:4 | Found Poloyc's Antique Armour Shop.
 54458 | Depths:4 | Found Zogeysaj's Antique Weapon Emporium.
 54500 | Depths:4 | Noticed Sojobo
 54528 | Depths:4 | Found Uturol's Distillery.
 54536 | Depths:4 | Bought a potion of heal wounds for 85 gold pieces
 54536 | Depths:4 | Bought a potion of heal wounds for 85 gold pieces
 54536 | Depths:4 | Bought a potion of curing for 51 gold pieces
 54536 | Depths:4 | Bought a potion of heal wounds for 85 gold pieces
 54536 | Depths:4 | Bought a potion of ambrosia for 136 gold pieces
 54598 | Depths:4 | Killed Sojobo
 54752 | Depths:4 | Reached skill level 18 in Invocations
 54752 | Depths:4 | Reached XP level 24. HP: 168/195 MP: 44/44
 55132 | Depths:4 | Found a gate to the Realm of Zot.
 55148 | Depths:4 | Received a gift from Okawaru
 56167 | Orc:2    | Bought a scroll of fog for 48 gold pieces
 56167 | Orc:2    | Bought a scroll of enchant weapon for 90 gold pieces
 56354 | Slime:1  | Entered Level 1 of the Pits of Slime
 56355 | Slime:1  | Gained mutation: Armour fits poorly on your strangely
                  | shaped body. [a shining eye]
 56525 | Slime:2  | Gained mutation: You are vulnerable to cold. (rC-) [a
                  | shining eye]
 56564 | Slime:2  | Noticed Donald
 56569 | Slime:2  | Killed Donald
 57443 | Slime:2  | Paralysed by a formless jellyfish for 1 turns
 57564 | Slime:3  | Received a gift from Okawaru
 57575 | Slime:3  | Reached skill level 15 in Air Magic
 57656 | Slime:3  | Paralysed by a formless jellyfish for 1 turns
 58722 | Slime:5  | Entered Level 5 of the Pits of Slime
 58733 | Slime:5  | Paralysed by a formless jellyfish for 1 turns
 58769 | Slime:5  | Received a gift from Okawaru
 58856 | Slime:5  | Noticed the Royal Jelly
 58859 | Slime:5  | Found a viscous altar of Jiyva.
 59097 | Slime:5  | Killed the Royal Jelly
 59112 | Slime:5  | Received a gift from Okawaru
 59471 | Slime:5  | Identified the +0 robe of Hospitality {Int+6}
 59484 | Slime:5  | Got a slimy rune of Zot
 59496 | Slime:5  | Identified the staff of the Dozen Tales {rElec Will+ Str+2
                  | Dex+3 Air}
 59517 | Slime:5  | Identified the ring "Uroschiu" {rElec MP+9}
 59987 | Zot:1    | Entered Level 1 of the Realm of Zot
 60168 | Zot:1    | Noticed a dread lich
 60184 | Zot:1    | Killed a dread lich
 60185 | Zot:1    | Reached XP level 25. HP: 95/190 MP: 31/44
 60313 | Zot:1    | Received a gift from Okawaru
 60718 | Zot:1    | Received a gift from Okawaru
 61025 | Zot:1    | Reached skill level 19 in Invocations
 62129 | Zot:2    | Reached skill level 15 in Conjurations
 62129 | Zot:2    | Reached skill level 15 in Hexes
 62129 | Zot:2    | Reached skill level 15 in Summonings
 62129 | Zot:2    | Reached skill level 15 in Necromancy
 62129 | Zot:2    | Reached skill level 15 in Fire Magic
 62129 | Zot:2    | Reached skill level 15 in Ice Magic
 62129 | Zot:2    | Reached skill level 15 in Earth Magic
 62129 | Zot:2    | Reached skill level 15 in Alchemy
 62143 | Zot:1    | Received a gift from Okawaru
 62485 | Zot:2    | Identified the +1 cloak of Eternal Vigilance {Stlth+}
 62963 | Zot:3    | Noticed an orb of fire
 62964 | Zot:3    | Gained mutation: You do not regenerate when monsters are
                  | visible. [an orb of fire]
 62964 | Zot:3    | Gained mutation: You sometimes lose your temper in combat.
                  | [an orb of fire]
 62977 | Zot:3    | Killed an orb of fire
 62998 | Zot:3    | Lost mutation: You are vulnerable to cold. (rC-) [potion of
                  | mutation]
 62998 | Zot:3    | Lost mutation: You sometimes lose your temper in combat.
                  | [potion of mutation]
 62998 | Zot:3    | Lost mutation: You do not regenerate when monsters are
                  | visible. [potion of mutation]
 62998 | Zot:3    | Gained mutation: You occasionally shout uncontrollably at
                  | your foes. [potion of mutation]
 62998 | Zot:3    | Gained mutation: You are vulnerable to heat. (rF-) [potion
                  | of mutation]
 62998 | Zot:3    | Gained mutation: You are very vulnerable to heat. (rF--)
                  | [potion of mutation]
 62998 | Zot:3    | Gained mutation: You have large cloven feet. [potion of
                  | mutation]
 62999 | Zot:3    | Lost mutation: You are very vulnerable to heat. (rF--)
                  | [potion of mutation]
 62999 | Zot:3    | Lost mutation: You are vulnerable to heat. (rF-) [potion of
                  | mutation]
 62999 | Zot:3    | Lost mutation: You occasionally shout uncontrollably at
                  | your foes. [potion of mutation]
 62999 | Zot:3    | Gained mutation: Your spells are a little easier to cast,
                  | but a little less powerful. [potion of mutation]
 62999 | Zot:3    | Gained mutation: Your magical capacity is low. (-10% MP)
                  | [potion of mutation]
 62999 | Zot:3    | Gained mutation: You are somewhat resistant to further
                  | mutation. [potion of mutation]
 63000 | Zot:3    | Lost mutation: Your spells are a little easier to cast, but
                  | a little less powerful. [potion of mutation]
 63000 | Zot:3    | Lost mutation: Your magical capacity is low. (-10% MP)
                  | [potion of mutation]
 63000 | Zot:3    | Lost mutation: You are somewhat resistant to further
                  | mutation. [potion of mutation]
 63000 | Zot:3    | Lost mutation: You have large cloven feet. [potion of
                  | mutation]
 63352 | Zot:4    | Found an iron altar of Okawaru.
 63439 | Zot:4    | Received a gift from Okawaru
 63826 | Zot:4    | Reached XP level 26. HP: 205/207 MP: 45/45
 64628 | Zot:3    | Received a gift from Okawaru
 64645 | Zot:3    | Identified the +0 pair of boots "Hawk" {Str+4}
 64901 | Zot:3    | Received a gift from Okawaru
 65599 | Zot:3    | Reached skill level 20 in Invocations
 65814 | Zot:5    | Entered Level 5 of the Realm of Zot
 65835 | Zot:5    | Found the +4 dragonskin cloak
 65835 | Zot:5    | Noticed Tiamat
 66028 | Zot:5    | Received a gift from Okawaru
 66391 | Zot:5    | Killed Tiamat
 66392 | Zot:5    | Reached XP level 27. HP: 127/221 MP: 45/46
 66572 | Zot:5    | Noticed a dread lich
 66573 | Zot:5    | Noticed an orb of fire
 66573 | Zot:5    | Noticed an orb of fire
 66573 | Zot:5    | Noticed an orb of fire
 66576 | Zot:5    | Noticed an orb of fire
 66578 | Zot:5    | Noticed an orb of fire
 66578 | Zot:5    | Gained mutation: You occasionally shout uncontrollably at
                  | your foes. [an orb of fire]
 66578 | Zot:5    | Noticed an orb of fire
 66579 | Zot:5    | Noticed an orb of fire
 66645 | Zot:5    | Received a gift from Okawaru
 66728 | Zot:5    | Got the Orb of Zot
 67324 | D:$      | Escaped with the Orb!

Illustrated notes

Levels and vault maps discovered:
D:1:      ebering_trefoil_3fold, layout_basic, minmay_tiny_reverse_x
D:2:      layout_basic, serial_shops, shop, kennysheep_minor_cross,
          grunt_ministairs_11, minmay_door_square
D:3:      layout_basic, mainiacjoe_overflow_alcove_1, grunt_decor_fettered
D:4:      layout_cave_pods, trog_butcher_becter,
          mainiacjoe_overflow_cross_hatched, kennysheep_diamond
D:5:      layout_gridville, due_unseen_surprise, uniq_sigmund
D:6:      layout_basic, minmay_temple_entry_wispy, uniq_duvessa
D:7:      layout_cave_pods, gammafunk_ghost_berserking_beasts, uniq_maurice
D:8:      layout_rooms, mainiacjoe_overflow_surrounded_room,
          mainiacjoe_overflow_concentric_impassable, gammafunk_ghost_ooze
D:9:      layout_rooms, mainiacjoe_overflow_catwalk_spiral, disabler_island,
          uniq_gastronok
D:10:     layout_roguey, mainiacjoe_overflow_small_starburst,
          mainiacjoe_overflow_alcove_2, kennysheep_generic_room_2
D:11:     due_megacathedral, layout_irregular_city, due_lair_maze_entry_diamond
D:12:     layout_loops_ring
D:13:     layout_loops_cross
D:14:     layout_small_grid, erik_vaults_2, nicolae_gozag_seed_capital
D:15:     hellmonk_depths_entry_around_the_bend, layout_loops_ring,
          minmay_crystal_water, nemelex_xobeh_ov_fountains_minmay
Temple:   hellmonk_temple_forest_ring
Lair:1:   layout_chaotic_city, grunt_megastairs_5, infiniplex_staircase_pool,
          lemuel_fruit_fields
Lair:2:   layout_chaotic_city, alex1729_snake_entry_snake, grunt_megastairs_2,
          lemuel_fruit_tree, lemuel_fruit_fields, lemuel_fruit_fields,
          uniq_amaemon
Lair:3:   layout_chaotic_city, skrybe_swamp_entry_bodies, dpeg_oklob_1,
          serial_bayou_shore_b, serial_bayou_shore_a, uniq_nessos, uniq_kirke
Lair:4:   layout_loops_ring, nicolae_slime_entry_slimehenge, grunt_megastairs_1,
          uniq_snorg
Lair:5:   due_jungle_book, layout_long_grid, basic_altar,
          grunt_forest_stairs_basic, st_stairs_12
Swamp:1:  layout_basic_swamp, serial_swamp_ruin, evilmike_swamp_ruin_wall,
          evilmike_swamp_ruin_house_6
Swamp:2:  layout_basic_swamp, evilmike_swamp_ruin_house_2, uniq_nikola
Swamp:3:  layout_falls_marsh, evilmike_swamp_ruin_house_5, swamp_pool_1_2,
          nicolae_swamp_wisp_ring_woods, uniq_mara, uniq_aizul
Swamp:4:  swamp_pestilence, layout_basic_swamp
Snake:1:  layout_layer_cave, serial_shops, nicolae_shop_peninsula,
          minmay_shop_star
Snake:2:  layout_cave_shapes, uniq_roxanne
Snake:3:  layout_cave_town, uniq_vashnia
Snake:4:  minmay_snake_end_coiled, layout_cave_town, abandoned_shop,
          serial_library_hellmonk_h_bend, uniq_saint_roka
Slime:1:  layout_caves, nicolae_slime_barrier
Slime:2:  layout_caves, nicolae_slime_phagocytosis, uniq_donald
Slime:3:  layout_caves
Slime:4:  cheibrodos_slime_lost_civilization_9, layout_caves
Slime:5:  slime_pit_nicolae_royal_road_to_ruin
Orc:1:    layout_diamond_mine, serial_shops, shop, uniq_erica, uniq_josephine,
          uniq_nergalle
Orc:2:    st_orc_mages, layout_diamond_mine, basic_altar, special_room,
          gauntlet_entry_generic
Elf:1:    layout_loops_ring, serial_shops, shop, minmay_elf_annihilation,
          uniq_frances, uniq_zenata, uniq_louise
Elf:2:    nicolae_elf_blades_splatter_lattice [nicolae_blade_entry_pointy_end],
          layout_loops_cross, basic_altar, serial_shops,
          nicolae_shop_pleasant_corner_grove, serial_glass, glass_columns_a,
          glass_columns_a, uniq_azrael
Elf:3:    elf_hall, layout_geoelf_castle, gammafunk_ghost_tricky_traps
Vaults:1: nicolae_vaults_tetromino_L_1, vaults_mumra_hex,
          nicolae_vaults_weapon_check, nicolae_vaults_little_squares_1,
          nicolae_vaults_diamond_2, ontoclasm_vaults_ligature,
          hangedman_vaults_stream, grunt_vaults_twisty,
          nicolae_vaults_shipping_containers_4, dpeg_vaults_monster_box,
          nicolae_vaults_six-pack, nicolae_vaults_swerve,
          layout_vaults_omnicross
Vaults:2: portal_desolation_entry_twin_temple, v_rooms_3,
          nicolae_vaults_meiosis, nicolae_vaults_tetromino_Z_2,
          minmay_crypt_entry_simple_round, nicolae_vaults_trapezoid_1,
          layout_vaults_omnigrid, serial_shops, nicolae_shop_behind_doors,
          nicolae_shop_back_alley_shop, shop
Vaults:3: nicolae_vaults_closet_pinwheel_6, v_misc_3,
          nicolae_vaults_double_plus_3, nicolae_vaults_ring_of_whatevers,
          vaults_dpeg_encased_lava, vaults_dpeg_emergency_exit,
          vaults_standard_mumra_lines, st_more_cells, grunt_vaults_bifocal,
          v_misc_16, v_pattern_3, nicolae_vaults_two_Ls,
          nicolae_vaults_octothorpe, v_misc_19,
          nicolae_vaults_doubleplus_tesselated, ontoclasm_vaults_idyll,
          v_misc_11, layout_vaults_maze_bifur, nicolae_trove_entry_diagonal,
          serial_shops, nicolae_shop_rolling_square
Vaults:4: nicolae_vaults_frosty_reception, v_misc_14, v_misc_14,
          nicolae_vaults_tetromino_Z_2, v_misc_14, nooodl_orcs_dogs,
          nicolae_vaults_hallways_thing, vaults_room_door_hall, v_alt_pattern_2,
          ontoclasm_vaults_chip, nicolae_vaults_sesquioval_fish,
          layout_vaults_omnibox
Depths:1: layout_basic, enter_ziggurat_a, hell_entry, good_gods_temple_1,
          grunt_pan_entry_in_and_out, kennysheep_cross_room,
          kennysheep_generic_room_9
Depths:2: minmay_shoctagon, layout_basic, serial_shops, shop, hell_entry,
          rand_demon_pan_entry_8, infiniplex_staircase_pillars_2
Depths:3: minmay_textured_paths, layout_long_grid, pf_coc_iceberg,
          minmay_room_of_horrors, grunt_pan_entry_zigzag,
          minmay_stone_trees_small, serial_bayou_shore_b, uniq_norris
Depths:4: grunt_zot_entry_bicorn, layout_gridlike, grunt_hell_entry_dis_mu,
          nicolae_hepliaklqana_hazy_memory, serial_shops, bzr_entry_customers,
          nicolae_shop_tiny_statue_garden, shop, shop, shop, serial_rivers,
          chequers_serial_rivers_small_b, chequers_serial_rivers_room_a,
          chequers_serial_rivers_room_a, chequers_serial_rivers_micro_e,
          chequers_serial_rivers_micro_d, chequers_serial_rivers_marsh,
          minmay_misc_feat_iff, minmay_tree_intersection, uniq_xtahua,
          uniq_sojobo
Zot:1:    hangedman_snap_crack_crunch, layout_cathedral_of_symmetry
Zot:2:    layout_gridlike, nicolae_tricolors
Zot:3:    layout_cathedral_of_symmetry, hangedman_zot_gyre, evilmike_ambush
          [evilmike_ambush_outer_basic, evilmike_ambush_inner_pond],
          lemuel_elevator
Zot:4:    layout_onion, basic_altar, st_stairs_4, grunt_ministairs_10,
          hangedman_snake_sidewinding
Zot:5:    layout_twisted_circle, hangedman_zot_diagonal_lockstep,
          nicolae_zig_zag_zippers, uniq_tiamat

Skill      XL: |  1  2  3  4  5  6  7  8  9 10 11 12 13 14 15 16 17 18 19 20 21 22 23 24 25 26 27 |
---------------+----------------------------------------------------------------------------------+-----
Spellcasting   | 5 6 7 8 9 10 11 12 13 14 15 16 17 18 19 | 19.4
Invocations    | 1 2 3 4 5 6 7 8 9 10 11 12 13 14 15 16 17 18 19 20 | 20.3
Short Blades   | 1 2 3 5 6 7 8 9 10 11 12 13 14 15 16 17 18 | 18.8
Axes           | 1 2 3 5 6 7 8 9 10 11 12 13 14 15 16 17 18 | 18.8
Maces & Flails | 1 2 3 5 6 7 8 9 10 11 12 13 14 15 16 17 18 | 18.8
Polearms       | 1 2 3 5 6 7 8 9 10 11 12 13 14 15 16 17 18 | 18.8
Staves         | 1 2 3 5 6 7 8 9 10 11 12 13 14 15 16 17 18 | 18.8
Ranged Weapons | 1 2 3 5 6 7 8 9 10 11 12 13 14 15 16 17 18 | 18.8
Stealth        | 1 2 3 5 6 7 8 9 10 11 12 13 14 15 16 17 18 | 18.8
Shields        | 1 2 3 5 6 7 8 9 10 11 12 13 14 15 16 17 18 | 18.8
Unarmed Combat | 1 2 3 5 6 7 8 9 10 11 12 13 14 15 16 17 18 | 18.8
Evocations     | 1 2 3 5 6 7 8 9 10 11 12 13 14 15 16 17 18 | 18.8
Shapeshifting  | 1 2 3 4 5 6 7 8 9 10 11 12 13 14 15 16 17 | 17.4
Conjurations   | 1 2 3 4 5 6 7 8 9 10 11 12 13 14 15 16 | 16.0
Hexes          | 1 2 3 4 5 6 7 8 9 10 11 12 13 14 15 16 | 16.0
Summonings     | 1 2 3 4 5 6 7 8 9 10 11 12 13 14 15 16 | 16.0
Necromancy     | 1 2 3 4 5 6 7 8 9 10 11 12 13 14 15 16 | 16.0
Fire Magic     | 1 2 3 4 5 6 7 8 9 10 11 12 13 14 15 16 | 16.0
Ice Magic      | 1 2 3 4 5 6 7 8 9 10 11 12 13 14 15 16 | 16.0
Air Magic      | 1 2 3 4 5 6 7 8 9 10 11 12 13 14 15 16 17 18 | 18.0
Earth Magic    | 1 2 3 4 5 6 7 8 9 10 11 12 13 14 15 16 | 16.0
Alchemy        | 1 2 3 4 5 6 7 8 9 10 11 12 13 14 15 16 | 16.0
Throwing       | 3 4 5 6 7 8 9 10 11 12 13 14 15 16 17 18 19 | 19.0
Armour         | 3 4 5 6 7 8 9 10 11 12 13 14 15 16 17 18 19 | 19.0
Fighting       | 5 6 7 8 9 10 11 12 13 14 15 16 17 18 19 | 19.3
Long Blades    | 5 6 7 8 9 10 11 12 13 14 15 16 17 18 19 | 19.3
Dodging        | 5 6 7 8 9 10 11 12 13 14 15 16 17 18 19 | 19.3
Translocations | 6 7 8 9 10 11 12 13 14 15 16 | 16.8

Action                     |  1- 3 |  4- 6 |  7- 9 | 10-12 | 13-15 | 16-18 | 19-21 | 22-24 | 25-27 || total
---------------------------+-------+-------+-------+-------+-------+-------+-------+-------+-------++-------
  Melee: Falchion          |   122 |     2 |       |       |       |       |       |       |       ||   124
         Bite              |     9 |    14 |    57 |    92 |     3 |       |       |     3 |       ||   178
         Dagger            |       |   206 |   488 |   852 |       |       |       |       |       ||  1546
         Unarmed           |       |       |    17 |       |       |       |       |       |       ||    17
         Broad axe         |       |       |       |       |    22 |       |       |       |       ||    22
         Flail             |       |       |       |       |    16 |       |       |       |       ||    16
         Orcbow            |       |       |       |       |     2 |       |       |       |       ||     2
         War axe           |       |       |       |       |       |       |       |     9 |       ||     9
   Fire: Orcbow            |       |       |       |   218 |  1249 |  2052 |  2278 |  1568 |       ||  7365
         Hand cannon       |       |       |       |       |       |       |       |   543 |  1147 ||  1690
   Cast: Manifold Assault  |       |       |       |    71 |     5 |       |       |       |       ||    76
         Vhi's Electric Ch |       |       |       |     2 |       |       |       |       |       ||     2
         Teleport Other    |       |       |       |     4 |       |       |       |       |       ||     4
         Dimensional Bulls |       |       |       |       |    18 |    16 |    30 |    44 |    45 ||   153
         Blink             |       |       |       |       |     3 |    34 |    20 |    18 |     6 ||    81
         Metabolic Englaci |       |       |       |       |       |    63 |     5 |     3 |     7 ||    78
         Leda's Liquefacti |       |       |       |       |       |     2 |    16 |     7 |     1 ||    26
         Ozocubu's Armour  |       |       |       |       |       |       |    12 |     3 |       ||    15
         Dispersal         |       |       |       |       |       |       |     4 |     1 |     4 ||     9
         Irradiate         |       |       |       |       |       |       |       |    30 |    28 ||    58
         Apportation       |       |       |       |       |       |       |       |       |     1 ||     1
 Invoke: Heroism           |       |       |       |     2 |     8 |    11 |    11 |     7 |     5 ||    44
         Receive Weapon    |       |       |       |       |     1 |       |       |       |       ||     1
         Receive Armour    |       |       |       |       |     1 |       |       |       |       ||     1
         Finesse           |       |       |       |       |     1 |     3 |     2 |     6 |     2 ||    14
         Duel              |       |       |       |       |       |     2 |     1 |       |       ||     3
  Evoke: Wand              |       |     1 |    11 |    14 |     4 |    16 |    11 |     6 |       ||    63
         Lightning rod     |       |       |       |       |       |       |       |     4 |       ||     4
    Use: Potion            |       |     1 |       |     1 |     3 |     5 |     1 |     2 |    10 ||    23
         Scroll            |       |       |       |    11 |    20 |    11 |     5 |    32 |    10 ||    89
   Stab: Sleeping          |     1 |     1 |       |       |     1 |       |       |       |       ||     3
         Paralysed         |       |     2 |     1 |       |       |       |       |       |       ||     3
         Confused          |       |       |     3 |       |       |       |       |       |       ||     3
 Armour: Leather armour    |    63 |    71 |       |       |       |       |       |       |       ||   134
         Skin              |       |    33 |     5 |       |    61 |       |       |       |       ||    99
         Chain mail        |       |    45 |   362 |   891 |  1019 |   477 |       |       |       ||  2794
         Ring mail         |       |       |       |       |       |   507 |   732 |   169 |       ||  1408
         Robe              |       |       |       |       |       |       |       |    70 |       ||    70
         Fire dragon scale |       |       |       |       |       |       |       |   524 |   661 ||  1185
  Dodge: Dodged            |    68 |   132 |   207 |   681 |   882 |   908 |  1463 |  1260 |   914 ||  6515
  Block: Kite shield       |       |       |       |       |       |       |       |   522 |  1057 ||  1579

Table legend: (Time is in decaauts)
 A = Elapsed time spent in this place.
 B = Non-inter-level travel time spent in this place.
 C = Inter-level travel time spent in this place.
 D = Time resting spent in this place.
 E = Time spent auto-exploring this place.
 F = Levels seen in this place.
 G = Mean time per level.
                   A        B        C        D        E       F      G
               +--------+--------+--------+--------+--------+-----+--------+
         Total |  67244 |  61358 |   5886 |   1697 |  41298 |  58 | 1159.4 |
       Dungeon |  17748 |  15730 |   2018 |    485 |  11021 |  15 | 1183.2 |
        Temple |    135 |    135 |      0 |      0 |    124 |   1 |  135.0 |
          Lair |   6773 |   5826 |    947 |    107 |   3852 |   5 | 1354.6 |
         Swamp |   4258 |   3905 |    353 |     47 |   2514 |   4 | 1064.5 |
     Snake Pit |   7388 |   6952 |    436 |    339 |   4559 |   4 | 1847.0 |
    Slime Pits |   3399 |   3158 |    241 |    132 |   2167 |   5 |  679.8 |
  Orcish Mines |   1831 |   1568 |    263 |     87 |    938 |   2 |  915.5 |
   Elven Halls |   4372 |   4070 |    302 |      1 |   2976 |   3 | 1457.3 |
        Vaults |   6423 |   6074 |    349 |     22 |   4383 |   4 | 1605.8 |
        Depths |   5652 |   5063 |    589 |      0 |   3692 |   4 | 1413.0 |
           Zot |   7007 |   6624 |    383 |    414 |   4171 |   5 | 1401.4 |
        Bazaar |     67 |     67 |      0 |      0 |     29 |   1 |   67.0 |
    Desolation |   1610 |   1610 |      0 |      5 |    856 |   1 | 1610.0 |
      Gauntlet |    511 |    511 |      0 |     43 |     12 |   1 |  511.0 |
         Arena |     65 |     65 |      0 |     13 |      0 |   3 |   21.7 |
               +--------+--------+--------+--------+--------+-----+--------+

Top non-repeatable levels by time:
    D:11: 2473 daAuts
 Snake:4: 2181 daAuts
   Zot:1: 2159 daAuts
 Snake:3: 2040 daAuts
Depths:4: 1996 daAuts
    D:10: 1876 daAuts
Vaults:1: 1847 daAuts
   Elf:3: 1764 daAuts
   Zot:4: 1727 daAuts
   Zot:3: 1685 daAuts
 Snake:2: 1670 daAuts
    D:14: 1622 daAuts
Desolation: 1610 daAuts
  Lair:5: 1603 daAuts
   Elf:2: 1601 daAuts
